 Dungeon Crawl Stone Soup version 0.31.0-12-g77e489cdc1 (webtiles) character file.

Game seed: 6264987641033779805

4914 spaghetti the Fighter (level 10, -3/99 HPs)
             Began as a Human Chaos Knight on Feb 26, 2024.
             Was a Plaything of Xom.
             Slain by a wolf zombie (4 damage)
             ... in a bailey.
             The game lasted 00:13:17 (9980 turns).

spaghetti the Fighter (Human Chaos Knight)          Turns: 9980, Time: 00:13:18

Health: -3/99      AC: 17    Str: 17    XL:     10   Next: 51%
Magic:  10/10      EV: 11    Int: 13    God:    Xom [....*.]
Gold:   535        SH:  0    Dex: 12    Spells: 9/9 levels left

rFire   + . .        n - +2 executioner's axe of Filth {chaos, rF+}
rCold   + . .        (shield currently unavailable)
rNeg    . . .        a - +2 leather armour
rPois   +            (no helmet)
rElec   .            m - scarf {rC+ rF+}
rCorr   .            (no gloves)
SInv    .            D - +1 pair of boots
Will    .....        J - amulet of magic regeneration
Stlth   +            w - +4 ring of protection
HPRegen 0.36/turn    j - +4 ring of protection
MPRegen 0.52/turn

%: no passive effects
@: studying Polearms
A: explore regen, iridescent scales 1, mutation resistance 1, poison resistance,
robust 1, heat vulnerability 1, inability to read after injury 1
a: Renounce Religion


You were in a bailey.
You worshipped Xom.
You were a beloved toy of Xom.
You visited 1 branch of the dungeon, and saw 9 of its levels.
You also visited: Ossuary and Bailey.

You collected 670 gold pieces.
You spent 135 gold pieces at shops.

Inventory:

Hand Weapons
 n - the +2 executioner's axe of Filth (weapon) {chaos, rF+}
   (Xom gifted it to you in an ossuary)

   rF+:       It protects you from fire.
 G - a +1 quick blade of flaming
Missiles
 d - 4 atropa-tipped darts
 k - 19 poisoned darts
 l - 2 darts of dispersal
 I - 6 silver javelins
Armour
 a - a +2 leather armour (worn)
 m - a scarf of resistance (worn)
 D - a +1 pair of boots (worn)
Jewellery
 e - a +5 ring of evasion
 h - a ring of magical power
 j - a +4 ring of protection (right hand)
 w - a +4 ring of protection (left hand)
 z - a ring of flight
 A - a ring of wizardry
 C - a ring of willpower
 J - an amulet of magic regeneration (around neck)
Talismans
 F - a blade talisman
Wands
 s - a wand of polymorph (8)
Scrolls
 b - 3 scrolls of brand weapon
 f - a scroll of silence
 g - 3 scrolls of amnesia
 o - a scroll of vulnerability
 p - a scroll of immolation
 t - 3 scrolls of fog
 v - a scroll of teleportation
 E - a scroll of revelation
 H - 2 scrolls of noise
Potions
 c - a potion of degeneration
 i - 2 potions of curing
 q - a potion of brilliance
 r - 3 potions of attraction
 u - 2 potions of enlightenment


   Skills:
 + Level 12.4 Fighting
 - Level 2.0 Armour
 - Level 1.0 Dodging
 - Level 9.8 Unarmed Combat


You had 9 spell levels left.
You didn't know any spells.
Your spell library contained the following spells:

 Spells                   Type           Power      Damage    Failure   Level
 Ensorcelled Hibernation  Hex/Ice        0%         N/A       50%         2
 Call Canine Familiar     Summ           0%         N/A       73%         3
 Dazzling Flash           Conj/Hex       0%         N/A       73%         3
 Mephitic Cloud           Conj/Alch/Air  0%         N/A       73%         3
 Passwall                 Erth           0%         N/A       73%         3
 Sigil of Binding         Hex            0%         N/A       73%         3
 Swiftness                Air            0%         N/A       73%         3
 Dimensional Bullseye     Hex/Tloc       0%         N/A       98%         4
 Curse of Agony           Necr           0%         N/A       100%        5
 Silence                  Hex/Air        0%         N/A       100%        5


Dungeon Overview and Level Annotations

Branches:
Dungeon (9/15)             Temple (0/1) D:4         Ossuary (visited)
 Bailey (1/1)
   Lair: D:8-11         Orc: D:9-12

Altars:
Fedhas
Sif Muna
Trog
Uskayaw
Xom
The Shining One

Shops:
D:4 (   D:6 [

Annotations:
D:3 1 runed translucent door, dirge's ghost, amateur DECj
D:7 1 exclusion


Innate Abilities, Weirdness & Mutations

You regain HP and MP as you explore.
You are partially covered in iridescent scales. (AC +2)
You are somewhat resistant to further mutation.
Your system is resistant to poisons. (rPois)
You are robust. (+10% HP)
You are vulnerable to heat. (rF-)
You occasionally lose the ability to read scrolls when taking damage.


Message History

The wolf zombie bites you but does no damage.
The wolf zombie bites you.
* * * LOW HITPOINT WARNING * * *
Unknown command.
You slash the wolf zombie!
You destroy the wolf zombie!
You hit the wolf zombie but do no damage.
The wolf zombie looks even weaker.
You slash the wolf zombie!
The wolf zombie convulses!!
You destroy the wolf zombie!
You slash the wolf zombie!
The wolf zombie seems to grow stronger.
You closely miss the wolf zombie.
The wolf zombie bites you but does no damage. x2
The wolf zombie barely misses you. The wolf zombie closely misses you.
The wolf zombie bites you but does no damage. x2
The wolf zombie bites you.
* * * LOW HITPOINT WARNING * * *
The wolf zombie closely misses you. x2; The wolf zombie misses you.
The wolf zombie closely misses you. x2; The wolf zombie barely misses you.
Unknown command.
You slash the wolf zombie!
The wolf zombie is almost destroyed.
You slash the wolf zombie!
The wolf zombie seems to grow stronger.
You hit the wolf zombie.
The wolf zombie seems to grow stronger.
You slash the wolf zombie!
You burn the wolf zombie. "Serve the mortal, my children!"
The wolf zombie seems less confused.
The wolf zombie closely misses you. The wolf zombie bites you!
* * * LOW HITPOINT WARNING * * *
The wolf zombie barely misses you. The wolf zombie bites you!
* * * LOW HITPOINT WARNING * * *
The wolf zombie bites you.
* * * LOW HITPOINT WARNING * * *
The wolf zombie barely misses you. The wolf zombie closely misses you.
The wolf zombie bites you.
* * * LOW HITPOINT WARNING * * *
The wolf zombie bites you but does no damage.
The wolf zombie closely misses your iron imp.
The wolf zombie bites you.
You die...

.#....##.....♣♣.♣...#..#.≈≈.##
.#...##.............#..#.≈≈##
.#......######......#..#.≈≈
.#......# #......#..#.≈≈
8#8.....# #......+..+.≈≈
######++# #.....#####.≈≈
+..####.....≈≈
#######Z5......≈≈
#...5.@Z5Z.... +.8858ZZ5...8.
#....555...... ♣.......♣♣♣..≈
♣♣...♣♣♣♣ ≈≈ ♣♣♣♣ ≈


You could see 5 wolf zombies, a friendly iron imp (summoned), a friendly quasit
(summoned), 2 friendly crimson imps, a friendly white imp (summoned), 2 friendly
shadow imps and a friendly ufetubus (summoned).

Vanquished Creatures
  A wraith (D:9)
  5 yaks (D:9)
  A steam dragon (D:7)
  3 vampire mosquitoes
  Menkaure (D:7)
  An acid dragon (D:9)
  A water moccasin (D:5)
  2 sky beasts
  3 ogres
  4 centaurs
  2 weeping skulls (Ossuary)
  9 bullfrogs
  2 kobold brigands (D:9)
  5 scorpions
  2 wolf zombies (Bailey)
  4 electric eels (D:7)
  4 hounds
  6 jellies
  2 bombardier beetles (D:5)
  2 human zombies (Ossuary)
  2 orc priests (D:7)
  3 sleepcaps
  5 iguanas
  2 mummies (Ossuary)
  6 gnolls
  5 adders
  2 shadow imps
  A white imp (D:7)
  2 adder zombies (Ossuary)
  2 ribbon worms
  A dart slug (D:4)
  15 orcs
  3 ball pythons
  5 bats
  7 endoplasms
  6 giant cockroaches
  7 goblins
  5 hobgoblins
  3 jackals (D:4)
  3 quokkas
  4 frilled lizards
  21 kobolds
  A kobold zombie (Ossuary)
  17 orc zombies (Bailey)
  4 rats
192 creatures vanquished.

Vanquished Creatures (collateral kills)
  An ogre (D:3)
1 creature vanquished.

Vanquished Creatures (others)
  2 orcs (D:7)
2 creatures vanquished.

Grand Total: 195 creatures vanquished

Notes
Turn   | Place    | Note
-------+----------+-------------------------------------------
     0 | D:1      | spaghetti the Human Chaos Knight began the quest for the
                  | Orb.
     0 | D:1      | Reached XP level 1. HP: 18/18 MP: 1/1
   336 | D:1      | Reached XP level 2. HP: 24/24 MP: 2/2
   969 | D:2      | Reached XP level 3. HP: 23/29 MP: 3/3
  1107 | D:2      | XOM: 1-stop teleportation journey
  1176 | D:2      | XOM: 2-stop teleportation journey
  1253 | D:2      | XOM: cast spell 'Summon Ice Beast'
  1260 | D:2      | Found a shimmering altar of Xom.
  1304 | D:2      | XOM: divination: detect items
  1439 | D:2      | Reached XP level 4. HP: 31/35 MP: 4/4
  1625 | D:3      | XOM: divination: magic mapping
  1714 | D:3      | Reached skill level 5 in Unarmed Combat
  1742 | D:3      | XOM: divination: detect creatures
  1834 | D:3      | XOM: divination: detect creatures
  1838 | D:3      | XOM: smoke on damage
  2106 | D:3      | Gained mutation: You are vulnerable to heat. (rF-) [potion
                  | of mutation]
  2106 | D:3      | Gained mutation: Your system is resistant to poisons.
                  | (rPois) [potion of mutation]
  2106 | D:3      | Gained mutation: You occasionally lose the ability to read
                  | scrolls when taking damage. [potion of mutation]
  2111 | D:3      | Reached XP level 5. HP: 36/41 MP: 5/5
  2193 | D:3      | Found a runed translucent door.
  2193 | D:3      | Noticed dirge's ghost (amateur DECj)
  2207 | D:3      | Found a faded altar of an unknown god.
  2426 | D:3      | Noticed an ogre
  2431 | D:3      | XOM: cast spell 'Summon Hydra'
  2431 | D:3      | XOM: butterfly on damage
  2432 | D:3      | Killed an ogre
  2489 | D:3      | XOM: divination: magic mapping
  2683 | D:4      | Found Ucsen's Weapon Boutique.
  2714 | D:4      | Reached XP level 6. HP: 46/47 MP: 6/6
  2814 | D:4      | Found a staircase to the Ecumenical Temple.
  2849 | D:4      | XOM: chaos upgrade
  2899 | D:4      | XOM: 2-stop teleportation journey
  2914 | D:4      | Found a hide-covered altar of Uskayaw.
  3275 | D:5      | Entered Level 5 of the Dungeon
  3326 | D:5      | Reached XP level 7. HP: 52/52 MP: 7/7
  3330 | D:5      | XOM: polymorph ogre -> bat
  3349 | D:5      | XOM: summons friendly ufetubus
  3350 | D:5      | XOM: enchant monster (bad)
  3442 | D:5      | Identified the +0 ring mail of the Modern Realms {rN+
                  | Int+4}
  3798 | D:5      | Reached XP level 8. HP: 47/58 MP: 8/8
  3798 | D:5      | XOM: 2-stop teleportation journey
  3992 | D:5      | XOM: blink monster(s)
  3997 | D:5      | XOM: scenery: summon butterflies
  4368 | D:5      | Found a shimmering blue altar of Sif Muna.
  4373 | D:5      | XOM: god gift: 2 darts of dispersal
  4490 | D:5      | XOM: 6-stop teleportation journey
  4608 | D:6      | Reached skill level 4 in Fighting
  4785 | D:6      | XOM: enchant monster (good)
  4913 | D:6      | Reached skill level 5 in Fighting
  5013 | D:6      | XOM: give mutations
  5013 | D:6      | Gained mutation: You are robust. (+10% HP) [Xom's grace]
  5013 | D:6      | Gained mutation: You are partially covered in iridescent
                  | scales. (AC +2) [Xom's grace]
  5013 | D:6      | Gained mutation: You are somewhat resistant to further
                  | mutation. [Xom's grace]
  5038 | D:6      | XOM: 6-stop teleportation journey
  5040 | D:6      | Found a sand-covered staircase.
  5054 | Ossuary  | Entered an ossuary
  5054 | Ossuary  | Found a huge runed translucent gate.
  5054 | Ossuary  | Found a huge runed translucent gate.
  5054 | Ossuary  | Found a huge runed translucent gate.
  5054 | Ossuary  | Found a huge runed translucent gate.
  5054 | Ossuary  | Found a huge runed translucent gate.
  5054 | Ossuary  | Found a huge runed translucent gate.
  5054 | Ossuary  | Found a huge runed translucent gate.
  5054 | Ossuary  | Found a huge runed translucent gate.
  5054 | Ossuary  | Found a huge runed translucent gate.
  5055 | Ossuary  | Found a huge runed translucent gate.
  5055 | Ossuary  | Found a huge runed translucent gate.
  5056 | Ossuary  | Found a huge runed translucent gate.
  5056 | Ossuary  | Found a huge runed translucent gate.
  5058 | Ossuary  | Found a huge runed translucent gate.
  5058 | Ossuary  | Found a huge runed translucent gate.
  5061 | Ossuary  | Found a huge runed translucent gate.
  5061 | Ossuary  | Found a huge runed translucent gate.
  5061 | Ossuary  | Found a huge runed translucent gate.
  5061 | Ossuary  | Found a huge runed translucent gate.
  5061 | Ossuary  | Found a huge runed translucent gate.
  5061 | Ossuary  | Identified the +2 executioner's axe of Filth {venom, rF+}
                  | (Xom gifted it to you in an ossuary)
  5061 | Ossuary  | XOM: god gift: +2 executioner's axe of Filth {chaos, rF+}
  5065 | Ossuary  | XOM: scenery: 7 doors open
  5077 | Ossuary  | XOM: fog
  5086 | Ossuary  | Reached skill level 6 in Fighting
  5257 | Ossuary  | XOM: scenery: 7 doors close
  5276 | Ossuary  | Found a huge runed translucent gate.
  5276 | Ossuary  | Found a huge runed translucent gate.
  5277 | Ossuary  | Found a huge runed translucent gate.
  5277 | Ossuary  | Found a huge runed translucent gate.
  5278 | Ossuary  | Found a huge runed translucent gate.
  5278 | Ossuary  | Found a huge runed translucent gate.
  5283 | Ossuary  | Found a huge runed translucent gate.
  5283 | Ossuary  | Found a huge runed translucent gate.
  5285 | Ossuary  | Found a huge runed translucent gate.
  5285 | Ossuary  | Found a huge runed translucent gate.
  5285 | Ossuary  | Found a huge runed translucent gate.
  5285 | Ossuary  | Found a huge runed translucent gate.
  5285 | Ossuary  | Found a huge runed translucent gate.
  5325 | Ossuary  | XOM: 1-stop teleportation journey
  5515 | D:6      | XOM: fog
  5524 | D:6      | Reached skill level 7 in Fighting
  5524 | D:6      | Reached XP level 9. HP: 79/79 MP: 9/9
  5596 | D:6      | XOM: god gift: silvery potion {god gift}
  5613 | D:6      | Found a glowing golden altar of the Shining One.
  5621 | D:6      | Found a bloodstained altar of Trog.
  5930 | D:6      | Found Sih Tan's Antique Armour Boutique.
  5936 | D:6      | Bought a pair of glowing boots for 135 gold pieces
  6025 | D:7      | XOM: snakes to sticks
  6105 | D:7      | Noticed Menkaure
  6107 | D:7      | XOM: cast spell 'Chain of Chaos'
  6110 | D:7      | Killed Menkaure
  6111 | D:7      | Reached skill level 8 in Fighting
  6126 | D:7      | XOM: summons 5 hostile demons
  6379 | D:7      | XOM: 3-stop teleportation journey
  6576 | D:7      | XOM: potion effect (invisibility)
  6796 | D:7      | XOM: cleaving
  6807 | D:7      | XOM: enchant monster (good)
  6810 | D:7      | XOM: blink monster(s)
  6821 | D:7      | Reached skill level 9 in Fighting
  7736 | D:7      | XOM: stat loss: -1 Str (16/17)
  7896 | D:8      | XOM: scenery: create altars
  7918 | D:7      | XOM: chaos cloud
  7929 | D:7      | Reached skill level 10 in Fighting
  8214 | D:7      | XOM: summons 1 hostile demon
  8374 | D:8      | XOM: summons 1 hostile demon
  8508 | D:8      | XOM: enchant monster (bad)
  8510 | D:8      | XOM: cleaving
  8514 | D:8      | Reached XP level 10. HP: 91/94 MP: 10/10
  9032 | D:8      | XOM: cloud trail
  9052 | D:8      | XOM: god gift: +1 quick blade of flaming
  9201 | D:9      | Reached skill level 11 in Fighting
  9270 | D:9      | XOM: god gift: great sword {god gift}
  9422 | D:9      | XOM: chaos upgrade
  9423 | D:9      | Reached skill level 12 in Fighting
  9438 | D:9      | Found a blossoming altar of Fedhas.
  9649 | D:9      | XOM: potion effect (invisibility)
  9767 | D:9      | Found a flagged portal.
  9776 | D:9      | Identified the +3 spear of Friendship {heavy, Stlth+}
  9778 | D:9      | XOM: potion effect (might)
  9780 | Bailey   | Entered a bailey
  9792 | Bailey   | XOM: god gift: dented blue amulet {god gift}
  9980 | Bailey   | XOM: summons 8 friendly demons
  9980 | Bailey   | HP: 2/99 [wolf zombie (3)]
  9980 | Bailey   | Slain by a wolf zombie

Illustrated notes

Levels and vault maps discovered:
D:1:      lemuel_arrival_lava_pool, layout_basic
D:2:      layout_loops_ring, basic_altar
D:3:      layout_basic, gammafunk_ghost_grave, shapermc_ecumenical_altar_pompeii
D:4:      layout_cave_pools, mainiacjoe_overflow_concentric_impassable,
          minmay_temple_entry_ruins, nicolae_stop_n_shop_1
D:5:      layout_layer_cave, lemuel_blue_sif_altar
D:6:      layout_loops_cross, jmf_multi_god_temple2, serial_shops,
          kennysheep_little_box, nicolae_ossuary_entry_ruins, minivault_22,
          minivault_26, minivault_1, minmay_fractal_squares_diagonal_5
D:7:      layout_basic, serial_bayou, serial_bayou_pond_c, serial_bayou_shore_a,
          serial_bayou_crossing, serial_bayou_ford_a, grunt_ministairs_4,
          uniq_crazy_yiuf_cottage, uniq_menkaure
D:8:      layout_loops_ring, serial_co_window_serial, co_window_paths_a,
          co_window_paths_a, co_window_paths_b, co_window_paths_b,
          co_window_paths_a, co_window_cross_2, co_window_unsneaky_path_d,
          co_window_broadway_b, co_window_corner_b, co_window_paths_e,
          glass_columns_a, glass_columns_b, glass_columns_a
D:9:      layout_long_grid, fedhas_altar_fruit_tree, enter_bailey_2, uniq_grum
Bailey:   bailey_polearm_vampire_castle_hellmonk, bailey

Skill      XL: |  1  2  3  4  5  6  7  8  9 10 |
---------------+-------------------------------+-----
Unarmed Combat | 4 5 6 7 9 |  9.8
Fighting       | 7 10 12 | 12.4
Armour         | |  2.0
Dodging        | |  1.0

Action                     |  1- 3 |  4- 6 |  7- 9 | 10-12 || total
---------------------------+-------+-------+-------+-------++-------
  Melee: Unarmed           |   132 |   170 |   207 |       ||   509
         Punch             |     4 |     7 |    16 |       ||    27
         Executioner's axe |       |       |   190 |   125 ||   315
  Throw: Dart              |     3 |       |     2 |       ||     5
  Evoke: Wand              |       |       |     2 |       ||     2
    Use: Scroll            |     7 |     2 |    10 |     2 ||    21
         Potion            |       |     2 |     9 |     3 ||    14
   Stab: Invisible         |       |       |     1 |     4 ||     5
         Held in net/web   |       |       |       |     1 ||     1
 Armour: Leather armour    |    49 |    49 |   302 |   223 ||   623
         Skin              |       |       |    17 |       ||    17
  Dodge: Dodged            |    81 |   117 |   417 |   170 ||   785
